 Dungeon Crawl Stone Soup version 0.21.1-1-g345015fe64 (webtiles) character file.

3265 Marvel the Thaumaturge (level 9, -14/64 HPs)
             Began as a Mummy Necromancer on Feb 15, 2018.
             Was a Believer of Ashenzari.
             Demolished by a two-headed ogre
             ... wielding a +0 giant club
              (22 damage)
             ... on level 9 of the Dungeon.
             The game lasted 01:15:17 (10206 turns).

Marvel the Thaumaturge (Mummy Necromancer)         Turns: 10206, Time: 01:15:17

Health: -14/64     AC:  7    Str: 12    XL:     9   Next: 68%
Magic:  20/24      EV: 16    Int: 17    God:    Ashenzari [**....]
Gold:   378        SH:  0    Dex: 12    Spells: 19/30 levels left

rFire    . . .     SeeInvis .   y - +5 spear (flame) (curse)
rCold    . . .     Gourm    .   (no shield)
rNeg     + + +     Faith    +   B - +0 robe
rPois    ∞         Spirit   .   (no helmet)
rElec    .         Reflect  .   u - +2 cloak {MR+} (curse)
rCorr    .         Harm     .   c - +0 pair of gloves
MR       ++...                  C - +0 pair of boots
Stlth    ++........             j - amulet of faith (curse)
HPRegen  0.20/turn              g - +4 ring of evasion (curse)
MPRegen  0.19/turn              l - ring of fire

@: very slightly contaminated
A: no food or potions, fire vulnerability, cold resistance 1, negative energy
resistance 3, torment resistance, unbreathing
a: Curse Item, Scrying, Renounce Religion


You were on level 9 of the Dungeon.
You worshipped Ashenzari.
Ashenzari was pleased with you.
You were not hungry.

You visited 2 branches of the dungeon, and saw 10 of its levels.
You also visited: Bailey.

You collected 378 gold pieces.

Inventory:

Hand Weapons
 o - a +0 hunting sling
 r - a cursed -2 dagger
 x - a +1 dagger
 y - a cursed +5 spear of flaming (weapon)
 A - a +5 dagger of chaos
Missiles
 n - 369 stones (quivered)
 p - 8 curare-tipped needles
 w - 18 poisoned needles
Armour
 a - a +0 robe
 c - a +0 pair of gloves (worn)
 d - a +0 leather armour
 m - the cursed +1 leather armour of Terror {rN+ Str+2 SInv}
   (You took it off a wight on level 9 of the Dungeon)

   It affects your strength (+2).
   It protects you from negative energy.
   It lets you see invisible.
   It has a curse placed upon it.
 u - a cursed +2 cloak of magic resistance (worn)
 z - a +3 ring mail
 B - a +0 robe (worn)
 C - a +0 pair of boots (worn)
Jewellery
 g - a cursed +4 ring of evasion (left hand)
 j - a cursed amulet of faith (around neck)
 l - a ring of fire (right hand)
 t - a +1 ring of evasion
Scrolls
 e - a scroll of amnesia
 f - 3 scrolls of fog
 h - 3 scrolls of teleportation
 k - 8 scrolls of identify
 q - 2 scrolls of magic mapping
 s - 5 scrolls of noise
Books
 b - a book of Necromancy

   Spells                             Type                      Level
   a - Pain                           Necromancy                   1
   b - Animate Skeleton               Necromancy                   1
   c - Vampiric Draining              Necromancy                   3
   d - Regeneration                   Charms/Necromancy            3
   e - Animate Dead                   Necromancy                   4
   f - Borgnjor's Vile Clutch         Necromancy/Earth             5
 v - a book of Callings

   Spells                             Type                      Level
   a - Summon Small Mammal            Summoning                    1
   b - Call Imp                       Summoning                    2
   c - Call Canine Familiar           Summoning                    3
   d - Summon Guardian Golem          Hexes/Summoning              3
   e - Summon Lightning Spire         Summoning/Air                4
   f - Summon Ice Beast               Ice/Summoning                4


   Skills:
 + Level 3.2 Fighting
 - Level 2.0(3.8) Polearms
 - Level 1.8 Dodging
 - Level 1.8 Stealth
 + Level 11.3 Spellcasting
 + Level 1.0(1.9) Hexes
 + Level 0.9(1.7) Summonings
 + Level 9.5(10.8) Necromancy


You had 19 spell levels left.
You knew the following spells:

 Your Spells              Type           Power        Failure   Level  Hunger
a - Pain                  Necr           ####         1%          1    N/A
b - Summon Guardian Gole  Hex/Summ       ###.....     11%         3    N/A
c - Vampiric Draining     Necr           #####.....   1%          3    N/A
d - Animate Dead          Necr           N/A          1%          4    N/A

Dungeon Overview and Level Annotations

Branches:
Dungeon (9/15)             Temple (1/1) D:7
   Lair: D:8-11         Orc: D:9-12

Altars:
Ashenzari
Cheibriados
Dithmenos
Elyvilon
Fedhas
Hepliaklqana
Kikubaaqudgha
Makhleb
Okawaru
Qazlal
Ru
Sif Muna
Trog
Uskayaw
Vehumet
Xom
Yredelemnul
Zin
The Shining One

Annotations:
D:8 exclusion: orc wizard
D:9 Erica; Grum; keat06's ghost, journeyman FoFi


Innate Abilities, Weirdness & Mutations

You do not eat or drink.
Your flesh is vulnerable to fire.
You are immune to poison.
Your flesh is cold resistant. (rC+)
You are immune to negative energy. (rN+++)
You are immune to unholy pain and torment.
You can survive without breathing.


Message History

You can't drain life from that!
Casting: Vampiric Draining
Confirm with . or Enter, or press ? or * to list all spells.
Aiming: Vampiric Draining
Press: ? - help, Shift-Dir - straight line, f/p - wight
Aim: a wight, wielding an enchanted dire flail and wearing a robe (severely damaged)
Okay, then.
Blink to where?
Press: ? - help, Dir - move target cursor, p - wight You are very lightly contaminated with residual magic.
As you read the scroll of blinking, it crumbles to dust.
The wight hits your guardian golem with an enchanted dire flail.
Something hits your guardian golem.
Your guardian golem disappears in a puff of smoke!
A two-headed ogre comes into view. It is wielding two giant clubs.
There is an open door here.
A wight comes into view. It is wielding a flail.
Found a ration.
The two-headed ogre hits you with a giant club!!
You die...

#........................
,###..################+###
, #..#.......... , , ,,
#..'......... , ,,, , *
##..#........ ,,,,, , ..%
#......############
....#......#..........#
....'...O..#..........# ,
,, #..@...'.zz.......#, ,
, #....z.####.......# ,
#.........#.......# * ,,
#.........#.......# ,
,#.........#.......# ,
#.........#zz.....#
#.......###..z....#, ,
#.......#.........# ,
#.......#.........#,


You could see a two-headed ogre and 3 wights.

Vanquished Creatures
  An orc knight (Bailey)
  Psyche (D:8)
  A hippogriff (D:8)
  A sky beast (D:8)
  3 ice beasts
  A necrophage (D:8)
  A wolf (D:9)
  A centaur (D:8)
  An elf zombie (D:8)
  3 bullfrogs
  An elf skeleton (D:8)
  3 jellies
  4 killer bees
  3 scorpions
  A wight (D:9)
  2 vampire bats (D:3)
  A crimson imp (D:7)
  3 hounds
  A bullfrog skeleton (D:5)
  A human zombie (D:8)
  A human skeleton (D:8)
  2 iguanas (D:5)
  5 worker ants
  A killer bee zombie (D:9)
  A gnoll (D:5)
  8 adders
  2 oozes
  An adder skeleton (D:5)
  3 dart slugs
  2 leopard geckos
  21 orcs
  4 bat skeletons (D:3)
  2 bat zombies (D:3)
  12 giant cockroaches
  10 goblins
  4 hobgoblins
  10 jackals
  12 kobolds
  7 quokkas
  3 bats
  6 frilled lizards
  A jackal skeleton (D:7)
  An orc zombie (D:8)
  7 rats
160 creatures vanquished.

Vanquished Creatures (collateral kills)
  An ogre (D:8)
  An elf skeleton (D:8)
  3 killer bees (D:8)
  2 crimson imps
  2 hounds (D:8)
  An adder (D:8)
  An adder skeleton (D:4)
  4 orcs
  3 goblins
18 creatures vanquished.

Vanquished Creatures (others)
  A manticore (D:9)
  An ogre (D:6)
2 creatures vanquished.

Grand Total: 180 creatures vanquished

Notes
Turn   | Place    | Note
-------+----------+-------------------------------------------
     0 | D:1      | Marvel the Mummy Necromancer began the quest for the Orb.
     0 | D:1      | Reached XP level 1. HP: 13/13 MP: 4/4
    19 | D:1      | Learned a level 1 spell: Animate Skeleton
   605 | D:2      | Reached skill level 3 in Spellcasting
   605 | D:2      | Reached XP level 2. HP: 11/19 MP: 0/6
  1429 | D:2      | Reached XP level 3. HP: 16/24 MP: 7/7
  1436 | D:2      | Learned a level 3 spell: Vampiric Draining
  2461 | D:3      | Reached XP level 4. HP: 19/30 MP: 1/9
  2636 | D:3      | Reached skill level 4 in Spellcasting
  2997 | D:3      | Found a shattered altar of Ashenzari.
  3000 | D:3      | Became a worshipper of Ashenzari the Shackled
  3059 | D:3      | Learned a level 4 spell: Animate Dead
  3092 | D:3      | Found an ancient bone altar of Kikubaaqudgha.
  3146 | D:3      | Reached skill level 5 in Necromancy
  3148 | D:3      | Reached XP level 5. HP: 29/36 MP: 12/12
  3282 | D:3      | Found a hazy altar of Hepliaklqana.
  3503 | D:3      | Reached skill level 5 in Spellcasting
  3528 | D:3      | Found a glowing silver altar of Zin.
  3640 | D:4      | Noticed an ogre
  3693 | D:4      | Reached skill level 1 in Fighting
  4121 | D:4      | Noticed an ogre
  4499 | D:5      | Entered Level 5 of the Dungeon
  4499 | D:5      | Found a shattered altar of Ashenzari.
  4499 | D:5      | Noticed an ice beast
  4502 | D:5      | Noticed an ice beast
  4530 | D:5      | Reached XP level 6. HP: 33/43 MP: 7/14
  5198 | D:5      | Killed an ice beast
  5198 | D:5      | Reached skill level 6 in Spellcasting
  5388 | D:5      | Noticed an ice beast
  5424 | D:5      | Found an iron altar of Okawaru.
  5662 | D:5      | Reached XP level 7. HP: 44/48 MP: 16/16
  6208 | D:6      | Noticed a two-headed ogre
  6273 | D:6      | Reached * piety under Ashenzari
  6387 | D:6      | Found a snail-covered altar of Cheibriados.
  6445 | D:6      | Found a white marble altar of Elyvilon.
  6530 | D:6      | Reached skill level 7 in Spellcasting
  7129 | D:7      | Reached skill level 1 in Polearms
  7294 | D:7      | Found a glowing golden altar of the Shining One.
  7303 | D:7      | Found a basalt altar of Yredelemnul.
  7581 | D:7      | Found a staircase to the Ecumenical Temple.
  7665 | D:7      | Noticed an angel
  7749 | Temple   | Entered the Ecumenical Temple
  8000 | D:7      | Reached XP level 8. HP: 23/56 MP: 19/19
  8149 | D:8      | Found an ancient bone altar of Kikubaaqudgha.
  8154 | D:8      | Reached skill level 8 in Spellcasting
  8264 | D:8      | Noticed Psyche
  8483 | D:8      | Found a flagged portal.
  8523 | Bailey   | Entered a bailey
  8543 | Bailey   | Noticed an orc knight
  8550 | Bailey   | Noticed an orc knight
  8807 | Bailey   | Killed an orc knight
  8807 | Bailey   | Reached skill level 9 in Spellcasting
  8903 | D:8      | Reached XP level 9. HP: 60/62 MP: 16/22
  9014 | D:8      | Reached skill level 10 in Spellcasting
  9116 | D:8      | Reached ** piety under Ashenzari
  9310 | D:8      | Learned a level 3 spell: Summon Guardian Golem
  9362 | D:8      | Killed Psyche
  9392 | D:8      | Found a deep blue altar of Sif Muna.
  9493 | D:8      | Found a hide-covered altar of Uskayaw.
  9680 | D:9      | Noticed Erica
  9717 | D:9      | Noticed a manticore
  9728 | D:9      | Noticed keat06's ghost (journeyman FoFi)
  9965 | D:9      | Killed a manticore
  9965 | D:9      | Reached skill level 11 in Spellcasting
 10061 | D:9      | Noticed Grum
 10083 | D:9      | Reached skill level 1 in Hexes
 10172 | D:9      | Got the cursed leather armour of Terror {rN+ Str+2 SInv}
 10202 | D:9      | Noticed a two-headed ogre
 10206 | D:9      | Demolished by a two-headed ogre

Skill      XL: |  1  2  3  4  5  6  7  8  9 |
---------------+----------------------------+-----
Spellcasting   | 3 4 5 6 7 9 11 | 11.3
Necromancy     | 5 6 7 8 9 |  9.5
Fighting       | 1 2 3 |  3.2
Polearms       | 1 2 |  2.0
Hexes          | 1 |  1.0
Dodging        | |  1.8
Stealth        | |  1.8
Summonings     | |  0.9

Action                   |  1- 3 |  4- 6 |  7- 9 || total
-------------------------+-------+-------+-------++-------
Melee: Dagger            |   103 |   152 |    52 ||   307
       Spear             |       |       |   230 ||   230
 Fire: Hunting sling     |     1 |       |       ||     1
Throw: Stone             |     1 |       |       ||     1
 Cast: Pain              |    52 |    91 |   108 ||   251
       Animate Skeleton  |     9 |     5 |       ||    14
       Animate Dead      |       |     9 |    19 ||    28
       Vampiric Draining |       |     1 |    16 ||    17
       Summon Guardian G |       |       |    13 ||    13
Invok: Curse Item        |       |     3 |     1 ||     4
       Scrying           |       |       |     2 ||     2
  Use: Scroll            |       |     7 |    11 ||    18
 Stab: Sleeping          |     4 |     4 |     1 ||     9
       Distracted        |     1 |       |     1 ||     2
Armor: Robe              |    37 |    78 |    56 ||   171
Dodge: Dodged            |   150 |   231 |   308 ||   689
